 Dungeon Crawl Stone Soup version 0.22-a0-398-g8bb545f (webtiles) character file.

42 seerdeer the Vandal (level 3, 0/24 HPs)
             Began as a Halfling Hunter on May 5, 2018.
             Succumbed to an adder's poison
             ... on level 2 of the Dungeon.
             The game lasted 00:08:41 (958 turns).

seerdeer the Vandal (Halfling Hunter)                Turns: 958, Time: 00:08:42

Health: 0/24       AC:  3    Str: 13    XL:     3   Next: 80%
Magic:  3/3        EV: 14    Int:  9    God:
Gold:   69         SH:  0    Dex: 15    Spells: 2/2 levels left

rFire    . . .     SeeInvis .   i - +1 hand axe (chop)
rCold    . . .     Gourm    .   (shield restricted)
rNeg     . . .     Faith    .   c - +0 leather armour
rPois    .         Spirit   .   (no helmet)
rElec    .         Reflect  .   (no cloak)
rCorr    .         Harm     .   (no gloves)
MR       .....                  (no boots)
Stlth    ++........             (no amulet)
HPRegen  0.08/turn              (no ring)
MPRegen  0.08/turn              (no ring)

@: lethally poisoned (0 -> -1)
A: small, mutation resistance 1
a: no special abilities


You were on level 2 of the Dungeon.
You were not hungry.

You visited 1 branch of the dungeon, and saw 2 of its levels.

You collected 69 gold pieces.

Inventory:

Hand Weapons
 a - a +1 hunting sling
 i - a +1 hand axe of chopping (weapon)
Missiles
 b - 11 stones (quivered)
 d - 24 sling bullets
Armour
 c - a +0 leather armour (worn)
Scrolls
 e - a scroll of remove curse
 h - a scroll of teleportation
Potions
 g - a potion of brilliance {unknown}
Comestibles
 f - 4 rations


   Skills:
 + Level 2.1 Fighting
 + Level 0.3 Axes
 + Level 7.1 Slings
 + Level 0.2(3.0) Throwing
 + Level 0.2 Armour
 + Level 2.2 Dodging
 + Level 1.1 Stealth


You had 2 spell levels left.
You didn't know any spells.

Dungeon Overview and Level Annotations

Branches:
Dungeon (2/15)

Altars:


Innate Abilities, Weirdness & Mutations

You are small and have problems with some larger weapons.
You are somewhat resistant to further mutation.


Message History

* * * LOW HITPOINT WARNING * * *
You feel sick.
Throwing (i - inventory)
b - 12 stones (quivered)
Press: ? - help, Shift-Dir - straight line, f/p - frilled lizard
Aim: a frilled lizard You throw a stone.
The stone misses the frilled lizard.
You barely miss the frilled lizard.
The frilled lizard bites you but does no damage.
You miss the frilled lizard. The frilled lizard misses you.
The frilled lizard bites you.
* * * LOW HITPOINT WARNING * * *
You barely miss the frilled lizard.
* * * LOW HITPOINT WARNING * * *
You feel sick. The frilled lizard barely misses you.
You hit the frilled lizard.
You kill the frilled lizard!
Things that are here:
a green potion; a frilled lizard corpse
g - a green potion You die...

###########
*#.##.@...(#
*#.#.#.####.#
#########.#*#..####,*
#........## ##....#,*
#.#######.###.†##.#,*
##.## ##.#(#(#*,#,*
#...# ##(#.(.....*
#...# ###.###.#.*
#...# *****#.#**,#,*


There were no monsters in sight!

Vanquished Creatures
  An adder (D:2)
  A dart slug (D:1)
  A leopard gecko (D:1)
  2 giant cockroaches
  5 goblins
  2 hobgoblins (D:2)
  2 kobolds (D:1)
  8 bats
  3 frilled lizards
  5 rats
30 creatures vanquished.

Notes
Turn   | Place    | Note
-------+----------+-------------------------------------------
     0 | D:1      | seerdeer the Halfling Hunter began the quest for the Orb.
     0 | D:1      | Reached XP level 1. HP: 14/14 MP: 1/1
    30 | D:1      | Reached skill level 6 in Slings
    60 | D:1      | Reached XP level 2. HP: 19/19 MP: 2/2
   641 | D:1      | Reached XP level 3. HP: 24/24 MP: 3/3
   884 | D:2      | Reached skill level 7 in Slings
   955 | D:2      | HP: 1/24 [poisoned by an adder]
   958 | D:2      | Succumbed to an adder's poison

Vault maps used:
D:1:      lightli_arrival_lavapool

Skill      XL: |  1  2  3 |
---------------+----------+-----
Slings         | 6 7 |  7.1
Fighting       | 2 |  2.1
Axes           | |  0.3
Throwing       | |  0.2
Armour         | |  0.2
Dodging        | |  2.2
Stealth        | |  1.1

Action                   || total
-------------------------++-------
Melee: Hand axe          ||    11
 Fire: Hunting sling     ||    61
Throw: Stone             ||    10
  Use: Scroll            ||     7
       Potion            ||     2
  Eat: Ration            ||     1
Armor: Leather armour    ||     5
Dodge: Dodged            ||    25

Table legend:
 A = Spawn XP
 B = Non-spawn XP
 C = Spawn XP percentage of total XP
 D = Spawn monster count
 E = Non-spawn monster count
 F = Spawn count percentage of total count
 G = Total turns spent on level
                    A         B        C        D         E        F      G
               +---------+---------+-------+---------+---------+-------+---------
         Total |       0 |      61 |   0.0 |       0 |      30 |   0.0 |   958
               +---------+---------+-------+---------+---------+-------+---------
           D:1 |       0 |      33 |   0.0 |       0 |      20 |   0.0 |   747
           D:2 |       0 |      28 |   0.0 |       0 |      10 |   0.0 |   211
               +---------+---------+-------+---------+---------+-------+---------
